 Dungeon Crawl Stone Soup version 0.25-a0-578-gc91f01c39c (webtiles) character file.

Game seed: 15646035778996195760, levelgen mode: deterministic

29892 Delarado the Nimble (level 13, -2/92 HPs)
             Began as an Octopode Fighter on Feb 29, 2020.
             Was a High Priest of Cheibriados.
             Slain by a six-headed hydra (7 damage)
             ... on level 4 of the Lair of Beasts on Mar 4, 2020.
             The game lasted 01:03:13 (15730 turns).

Delarado the Nimble (Octopode Fighter)             Turns: 15730, Time: 01:03:14

Health: -2/92      AC:  1    Str: 37    XL:     13   Next: 48%
Magic:  18/18      EV: 26    Int: 22    God:    Cheibriados [*****.]
Gold:   914        SH: 16    Dex: 25    Spells: 12/12 levels left

rFire    + . .     SeeInvis +   u - +1 falchion (flame)
rCold    . . .     Gourm    .   a - +1 kite shield
rNeg     . . .     Faith    .   (helmet restricted)
rPois    +         Spirit   .   D - amulet of regeneration (curse)
rElec    .         Reflect  .   M - ring of resist corrosion
rCorr    +         Harm     .   j - +3 ring of strength
MR       .....                  y - ring of poison resistance
Stlth    +++++.....             N - ring of see invisible
HPRegen  0.65/turn              Q - ring of protection from fire
MPRegen  0.16/turn              V - +3 ring of strength
                                (no ring)
                                (no ring)

@: very slow
A: almost no armour, stealthy swim, amphibious, 8 rings, constrict 8, camouflage
1, gelatinous body 1
a: Bend Time, Temporal Distortion, Slouch, Step From Time, Renounce Religion


You were on level 4 of the Lair of Beasts.
You worshipped Cheibriados.
Cheibriados was extremely pleased with you.
You were not hungry.

You visited 3 branches of the dungeon, and saw 16 of its levels.

You collected 914 gold pieces.

Inventory:

Hand Weapons
 l - the cursed +1 mace of Experimentation {distort, *Slow rN+ Str+3 SInv}
   (You took it off an orc wizard on level 6 of the Dungeon)

   It warps and distorts space around it.
   Unwielding it can cause banishment or high damage.
   It affects your strength (+3).
   It protects you from negative energy.
   It lets you see invisible.
   It may slow you when you take damage.
   It has a curse placed upon it.
 u - a +1 falchion of flaming (weapon)
Missiles
 f - 304 stones
 r - 10 atropa-tipped darts
 s - 34 poisoned darts (quivered)
Armour
 a - a +1 kite shield (worn)
Jewellery
 h - an uncursed ring of ice
 j - a +3 ring of strength (right tentacle)
 m - an uncursed amulet of faith
 p - an uncursed amulet of guardian spirit
 y - a ring of poison resistance (on tentacle)
 D - a cursed amulet of regeneration (around mantle)
 M - a ring of resist corrosion (left tentacle)
 N - a ring of see invisible (on tentacle)
 Q - a ring of protection from fire (on tentacle)
 V - a +3 ring of strength (on tentacle)
Wands
 q - a wand of paralysis (29)
 t - a wand of digging (4)
 O - a wand of polymorph (35)
 S - a wand of flame (30)
 U - a wand of acid (24)
 W - a wand of enslavement (5)
Scrolls
 i - 5 scrolls of fog
 k - 11 scrolls of remove curse
 n - 4 scrolls of enchant weapon
 v - 2 scrolls of fear
 x - a scroll of summoning {unknown}
 B - 4 scrolls of noise {unknown}
 F - 2 scrolls of teleportation
 I - 2 scrolls of enchant armour
 J - 3 scrolls of immolation
 K - 5 scrolls of amnesia
 L - a scroll of magic mapping
 P - a scroll of random uselessness {unknown}
 R - 4 scrolls of identify
 T - a scroll of vulnerability {unknown}
Potions
 b - 2 potions of might
 d - 3 potions of lignification
 e - a potion of stabbing
 g - 8 potions of curing
 o - 3 potions of cancellation
 w - 2 potions of brilliance
 z - 3 potions of mutation
 A - 5 potions of haste {unknown}
 C - 2 potions of heal wounds
 E - 3 potions of ambrosia
 G - 3 potions of magic
 H - a potion of flight
Miscellaneous
 Y - a lamp of fire
Comestibles
 c - 28 rations
 X - a chunk of flesh


   Skills:
 - Level 10.0 Fighting
 + Level 12.9 Dodging
 - Level 6.2 Stealth
 + Level 10.5 Shields
 - Level 10.0 Unarmed Combat
 - Level 7.6 Invocations


You had 12 spell levels left.
You didn't know any spells.
Your spell library contained the following spells:

 Spells                   Type           Power        Failure   Level  Hunger
 Infusion                 Chrm           #...         28%         1    ##.....
 Sandblast                Erth           #.....       28%         1    ##.....
 Summon Small Mammal      Summ           #...         28%         1    ##.....
 Call Imp                 Summ           #.......     41%         2    ###....
 Passwall                 Tmut/Erth      #.......     41%         2    ###....
 Shroud of Golubria       Chrm/Tloc      #.....       41%         2    ###....
 Song of Slaying          Chrm           #.......     41%         2    ###....
 Call Canine Familiar     Summ           #.......     65%         3    ####...
 Confusing Touch          Hex            #.......     65%         3    ####...
 Gell's Gravitas          Tloc           #.........   65%         3    ####...
 Ozocubu's Armour         Chrm/Ice       #.......     65%         3    ####...
 Spectral Weapon          Hex/Chrm       #.......     65%         3    ####...
 Stone Arrow              Conj/Erth      #.....       65%         3    ####...
 Summon Guardian Golem    Hex/Summ       #.......     65%         3    ####...
 Petrify                  Tmut/Erth      #.......     96%         4    #####..
 Summon Ice Beast         Ice/Summ       #.......     96%         4    #####..
 Summon Lightning Spire   Summ/Air       #.......     96%         4    #####..
 Lee's Rapid Deconstruct  Erth           #.........   100%        5    ######.
 Metabolic Englaciation   Hex/Ice        #.........   100%        5    ######.
 Yara's Violent Unravell  Hex/Tmut       #.........   100%        5    ######.


Dungeon Overview and Level Annotations

Branches:
Dungeon (11/15)            Temple (1/1) D:6            Lair (4/6) D:11
  Snake (0/4) Lair:2          Orc (0/2) D:11
  Swamp: Lair:2-4    Shoals: Lair:2-4

Altars:
Ashenzari
Cheibriados
Dithmenos
Elyvilon
Fedhas
Gozag
Hepliaklqana
Kikubaaqudgha
Makhleb
Nemelex Xobeh
Okawaru
Qazlal
Ru
Trog
Uskayaw
Vehumet
Wu Jian
Xom
Yredelemnul
Zin
The Shining One

Shops:
D:8 *   D:11 :

Annotations:
D:4 Grinder
Lair:2 Gastronok


Innate Abilities, Weirdness & Mutations

You cannot wear most types of armour.
You are very stealthy in the water. (Stealth+)
You are amphibious.
You can wear up to eight rings at the same time.
You can use your tentacles to constrict eight enemies at once.
Your skin changes colour to match your surroundings (Stealth+).
Your rubbery body absorbs attacks. (AC +1, EV +1)


Message History

You block the six-headed hydra's attack.
The six-headed hydra bites you!
* * * LOW HITPOINT WARNING * * *
The six-headed hydra barely misses you.
You feel much better. The six-headed hydra bites you!
* * * LOW HITPOINT WARNING * * *
The six-headed hydra completely misses you.
The six-headed hydra bites you!!
* * * LOW HITPOINT WARNING * * *
You block the six-headed hydra's attack. x2
The six-headed hydra misses you.
You barely miss the six-headed hydra. You tentacle-slap the six-headed hydra.
You squeeze the six-headed hydra, but do no damage.
The six-headed hydra is heavily wounded.
You block the six-headed hydra's attack. x3
The six-headed hydra bites you.
* * * LOW HITPOINT WARNING * * *
The six-headed hydra completely misses you.
The six-headed hydra bites you!
You die...

.....#...#............P....
....##.............#.......
....#....###......##......#
... ##....##....### ..##..P
.. #P...##.#...####..# #.#
#P. ##...###....#P..... ..
#..###...................
....................)...
...........D@..........
.......................
.P.P#....P..P##...##....
#.........######..# #...
..........#####...# #..
..........##......# #..
.........###......###.#
.>........##.......P#.##
...##....P##........#..#


You could see a six-headed hydra.

Vanquished Creatures
  Rupert (Lair:3)
  Harold (D:7)
  3 hydras
  3 two-headed ogres
  An ugly thing (D:11)
  A manticore (D:11)
  4 elephants (Lair:3)
  2 black mambas
  5 spiny frogs
  A centaur skeleton (D:10)
  7 komodo dragons
  3 trolls
  2 polar bears
  8 blink frogs (Lair:3)
  2 hornets
  A meliai zombie (D:10)
  7 hippogriffs
  Sigmund (D:5)
  3 hogs (D:7)
  17 yaks
  A wraith (D:11)
  A human (D:7)
  3 basilisks
  A steam dragon (Lair:4)
  Menkaure (D:5)
  An acid dragon (D:10)
  5 porcupines
  9 water moccasins
  An orc warrior (D:7)
  3 ice beasts
  5 sky beasts
  4 ogres
  3 black bears (D:11)
  5 phantoms
  2 centaurs
  A necrophage (D:7)
  5 wolves (Lair:3)
  10 crocodiles
  4 big kobolds
  12 bullfrogs
  5 scorpions
  12 wights
  5 killer bees (D:10)
  2 electric eels
  6 howler monkeys (D:7)
  A crimson imp (D:6)
  2 centaur zombies
  5 jellies
  A bullfrog skeleton (D:7)
  4 hounds
  Crazy Yiuf (D:6)
  A gnoll shaman (D:8)
  6 orc priests
  9 orc wizards
  Terence (D:3)
  2 iguanas
  4 worker ants
  A worker ant zombie (D:8)
  Robin (D:2)
  12 gnolls
  14 adders
  A howler monkey skeleton (D:9)
  5 shadow imps
  2 oozes
  3 worms
  A dart slug (D:2)
  3 leopard geckos
  23 orcs
  4 giant cockroaches
  16 goblins
  9 hobgoblins
  11 jackals
  15 kobolds
  8 quokkas
  2 ball pythons
  4 bats
  2 frilled lizards
  A jackal skeleton (D:6)
  A leopard gecko skeleton (D:5)
  10 rats
  A plant (Lair:2)
367 creatures vanquished.

Vanquished Creatures (others)
  64 fungi
  48 plants
112 creatures vanquished.

Grand Total: 479 creatures vanquished

Notes
Turn   | Place    | Note
-------+----------+-------------------------------------------
     0 | D:1      | Delarado the Octopode Fighter began the quest for the Orb.
     0 | D:1      | Reached XP level 1. HP: 16/16 MP: 1/1
   487 | D:1      | Reached XP level 2. HP: 21/21 MP: 2/2
  1127 | D:2      | Reached XP level 3. HP: 19/26 MP: 3/3
  1399 | D:2      | Reached XP level 4. HP: 24/31 MP: 4/4
  1564 | D:2      | Noticed Robin
  1714 | D:2      | Killed Robin
  2474 | D:2      | Upgraded the game from 0.25-a0-571-gb5e01bddfa to
                  | 0.25-a0-576-g50b708a4c4
  2486 | D:3      | Reached skill level 5 in Unarmed Combat
  2486 | D:3      | Reached XP level 5. HP: 36/36 MP: 5/5
  2532 | D:3      | Noticed Terence
  2551 | D:3      | Killed Terence
  3040 | D:3      | Reached XP level 6. HP: 34/42 MP: 6/6
  3778 | D:4      | Noticed Grinder
  3849 | D:4      | Reached XP level 7. HP: 40/46 MP: 7/7
  3863 | D:5      | Entered Level 5 of the Dungeon
  4048 | D:5      | Reached skill level 1 in Stealth
  4221 | D:5      | Found a hazy altar of Hepliaklqana.
  4248 | D:5      | Noticed Sigmund
  4858 | D:6      | Reached XP level 8. HP: 52/52 MP: 8/8
  5080 | D:6      | Found a staircase to the Ecumenical Temple.
  5088 | D:6      | Identified the cursed +1 mace of Experimentation {distort,
                  | *Slow rN+ Str+3 SInv}
  5667 | D:6      | Found a runed translucent door.
  5668 | D:6      | Noticed Crazy Yiuf
  6026 | D:6      | Killed Crazy Yiuf
  6073 | D:7      | Reached skill level 5 in Stealth
  6504 | D:7      | Reached skill level 10 in Unarmed Combat
  6508 | D:7      | Reached XP level 9. HP: 38/56 MP: 9/9
  6538 | D:7      | Reached skill level 4 in Dodging
  6592 | D:7      | Reached skill level 5 in Dodging
  6600 | D:7      | Reached skill level 6 in Dodging
  6608 | D:7      | HP: 1/56 [human/+0 hand axe (8)]
  6801 | D:7      | Found an ancient bone altar of Kikubaaqudgha.
  6804 | D:7      | Found a sparkling altar of Nemelex Xobeh.
  6817 | D:7      | Reached skill level 7 in Dodging
  6972 | D:7      | Found a basalt altar of Yredelemnul.
  7091 | D:7      | Reached skill level 8 in Dodging
  7286 | Temple   | Entered the Ecumenical Temple
  7460 | Temple   | Became a worshipper of Cheibriados the Contemplative
  7536 | D:8      | Noticed a two-headed ogre
  7558 | D:8      | Noticed Harold
  7696 | D:7      | Killed Harold
  7696 | D:7      | Reached skill level 5 in Fighting
  7696 | D:7      | Reached skill level 9 in Dodging
  7696 | D:7      | Reached XP level 10. HP: 8/66 MP: 10/10
  7816 | D:8      | Reached * piety under Cheibriados
  7919 | D:8      | Killed a two-headed ogre
  8055 | D:8      | Found Mewoil's Lightly-Used Armoury.
  8246 | D:8      | Found a burning altar of Makhleb.
  8247 | D:8      | Found a hide-covered altar of Uskayaw.
  8582 | D:8      | Reached skill level 10 in Dodging
  8929 | D:9      | Reached ** piety under Cheibriados
  9017 | D:9      | Found a glowing silver altar of Zin.
  9555 | D:9      | Reached XP level 11. HP: 75/75 MP: 11/11
  9600 | D:10     | Entered Level 10 of the Dungeon
  9684 | D:10     | Found a hazy altar of Hepliaklqana.
  9916 | D:10     | Noticed a two-headed ogre
  9934 | D:10     | Killed a two-headed ogre
 10239 | D:11     | Reached *** piety under Cheibriados
 10240 | D:11     | Reached skill level 5 in Shields
 10245 | D:11     | Found a staircase to the Orcish Mines.
 10280 | D:11     | Noticed a two-headed ogre
 10287 | D:11     | Killed a two-headed ogre
 10421 | D:11     | Found a sacrificial altar of Ru.
 10424 | D:11     | Noticed a manticore
 10434 | D:11     | Killed a manticore
 10667 | D:11     | Found Buott's Book Shop.
 10789 | D:11     | Noticed a white ugly thing
 10998 | D:11     | Killed a white ugly thing
 10998 | D:11     | Reached **** piety under Cheibriados
 11119 | D:11     | Reached skill level 10 in Fighting
 11270 | D:11     | Found a staircase to the Lair.
 11345 | D:11     | Noticed a seven-headed hydra
 11351 | D:11     | Reached XP level 12. HP: 84/87 MP: 12/12
 11356 | D:11     | Killed a seven-headed hydra
 11641 | Lair:1   | Entered Level 1 of the Lair of Beasts
 11703 | Lair:1   | Noticed a four-headed hydra
 11713 | Lair:1   | Killed a four-headed hydra
 12061 | D:5      | Reached skill level 1 in Invocations
 12219 | D:5      | Killed Sigmund
 12311 | D:5      | Noticed Menkaure
 12318 | D:5      | Killed Menkaure
 13010 | Lair:1   | Noticed a seven-headed hydra
 13027 | Lair:1   | Killed a seven-headed hydra
 13095 | Lair:1   | Reached skill level 11 in Dodging
 13464 | Lair:1   | Reached skill level 5 in Invocations
 13576 | Lair:2   | Found a staircase to the Snake Pit.
 13844 | Lair:2   | Reached ***** piety under Cheibriados
 13940 | Lair:2   | Found the +10 dark maul {vorpal}
 14067 | Lair:2   | Noticed Gastronok
 14122 | Lair:2   | Upgraded the game from 0.25-a0-576-g50b708a4c4 to
                  | 0.25-a0-578-gc91f01c39c
 14307 | Lair:3   | Reached XP level 13. HP: 66/92 MP: 18/18
 14387 | Lair:3   | Found a gate leading to a gauntlet.
 14394 | Lair:3   | Reached skill level 12 in Dodging
 14745 | Lair:3   | Noticed Rupert
 14754 | Lair:3   | Killed Rupert
 14754 | Lair:3   | Reached skill level 10 in Shields
 15730 | Lair:4   | Slain by a six-headed hydra

Levels and vault maps discovered:
D:1:      shiori_arrival_maze, layout_loops_corners, minmay_misc_feat_cross
D:2:      layout_basic, first_ration, kennysheep_minor_cross, feat_on_display,
          uniq_robin
D:3:      layout_basic, serial_co_window_serial, co_window_of_opportunity_a,
          co_window_paths_b, co_window_paths_a, co_window_paths_a,
          co_window_paths_a, co_window_unsneaky_path_a, co_window_broadway_b,
          co_window_corner_b, co_window_cross_2, uniq_terence
D:4:      layout_basic, tgw_sif, mrwooster_statue_mirror, st_stairs_7,
          uniq_grinder
D:5:      layout_cave_pods, kennysheep_mini_moat, uniq_menkaure, uniq_sigmund
D:6:      layout_basic, minmay_temple_entry_glass, kennysheep_small_spiral,
          uniq_crazy_yiuf_cottage
D:7:      layout_loops_ring, grunt_temple_overflow_open,
          nicolae_overflow_hidden_temple, grunt_livestock
D:8:      layout_rooms, gammafunk_temple_overflow_pools, minmay_shop_damaged,
          uniq_harold
D:9:      layout_stronghold, kennysheep_little_box, kennysheep_generic_room_14
D:10:     layout_basic, basic_altar
D:11:     lemuel_upstairs_altar, layout_loops_ring, due_lair_maze_entry_diamond,
          orc_0_dummy, serial_shops,
          nicolae_shop_temple_entry_statues_fountains, basic_altar
Temple:   eino_narrow_crystal_temple
Lair:1:   layout_hall_layers, beast_lair_carwin_9
Lair:2:   layout_roguey, minmay_shoals_entry_hut, dummy_snake_entry,
          serial_bayou_shore_b, uniq_gastronok, uniq_prince_ribbit2, uniq_sonja
Lair:3:   layout_small_grid, gauntlet_entry_generic, grunt_megastairs_3,
          infiniplex_staircase_pool, uniq_rupert
Lair:4:   layout_regular_city

Skill      XL: |  1  2  3  4  5  6  7  8  9 10 11 12 13 |
---------------+----------------------------------------+-----
Unarmed Combat | 3 4 5 6 7 8 10 | 10.0
Stealth        | 3 6 |  6.2
Dodging        | 9 10 11 12 | 12.9
Fighting       | 5 7 10 | 10.0
Shields        | 7 9 10 | 10.5
Invocations    | 7 |  7.6

Action                   |  1- 3 |  4- 6 |  7- 9 | 10-12 | 13-15 || total
-------------------------+-------+-------+-------+-------+-------++-------
Melee: Unarmed           |    55 |   126 |   229 |   469 |    89 ||   968
       Constrict         |    13 |    36 |    36 |    75 |    13 ||   173
       Tentacles         |    12 |    26 |    44 |   177 |    45 ||   304
       Punch             |       |     4 |    11 |    62 |    16 ||    93
       Falchion          |       |       |       |       |     4 ||     4
Throw: Stone             |     4 |    42 |    17 |     8 |       ||    71
       Boomerang         |       |       |    36 |    40 |       ||    76
       Dart              |       |       |       |    94 |    26 ||   120
Invok: Slouch            |       |       |       |       |     1 ||     1
Evoke: Wand              |       |     3 |     5 |    19 |       ||    27
  Use: Scroll            |       |     9 |     2 |    10 |       ||    21
       Potion            |       |       |     4 |     2 |     2 ||     8
 Stab: Sleeping          |     8 |     5 |     3 |    12 |     2 ||    30
       Paralysed         |       |       |     9 |     2 |       ||    11
       Distracted        |       |       |     2 |     2 |       ||     4
  Eat: Chunk             |     1 |     8 |     7 |     6 |     3 ||    25
       Ration            |       |       |     2 |     1 |       ||     3
Armor: Skin              |     7 |     9 |     9 |     9 |     2 ||    36
Dodge: Dodged            |    28 |    34 |    92 |   218 |    58 ||   430
Block: Kite shield       |    15 |    40 |    77 |   222 |    67 ||   421

Table legend:
 A = Non-vault XP
 B = Vault XP
 C = Vault XP percentage of total XP
 D = Non-vault monster count
 E = Vault monster count
 F = Vault count percentage of total count
                 A         B        C        D         E       F
            +---------+---------+-------+---------+---------+-------
      Total |   31922 |   10781 |  25.2 |     318 |      48 |  13.1
            +---------+---------+-------+---------+---------+-------
        D:1 |      13 |       4 |  23.5 |       9 |       2 |  18.2
        D:2 |     105 |      37 |  26.1 |      29 |      12 |  29.3
        D:3 |     165 |      36 |  17.9 |      32 |       1 |   3.0
        D:4 |     276 |       0 |   0.0 |       8 |       0 |   0.0
        D:5 |     774 |     392 |  33.6 |      13 |       2 |  13.3
        D:6 |     751 |      41 |   5.2 |      20 |       1 |   4.8
        D:7 |    1502 |    1986 |  56.9 |      29 |       6 |  17.1
        D:8 |    1911 |       0 |   0.0 |      27 |       0 |   0.0
        D:9 |    2040 |     121 |   5.6 |      29 |       1 |   3.3
       D:10 |    2624 |       0 |   0.0 |      20 |       0 |   0.0
       D:11 |    6869 |    1152 |  14.4 |      37 |      10 |  21.3
     Lair:1 |    4393 |    1612 |  26.8 |      16 |       5 |  23.8
     Lair:2 |    4045 |       0 |   0.0 |      18 |       0 |   0.0
     Lair:3 |    5401 |    5400 |  50.0 |      26 |       8 |  23.5
     Lair:4 |    1053 |       0 |   0.0 |       5 |       0 |   0.0
            +---------+---------+-------+---------+---------+-------
